 Dungeon Crawl Stone Soup version 0.32-a0-871-ge202e49faa (webtiles) character file.

Game seed: 3157468499919733363

76584 Shayle the Skirmisher (level 15, -4/113 HPs)
             Began as a Coglin Alchemist on Mar 29, 2024.
             Was the Champion of Beogh.
             Slain by Jorge the orc apostle
             ... wielding a +4 great mace of protection
              (27 damage)
             ... on level 2 of the Shoals on Mar 30, 2024.
             The game lasted 02:22:24 (26846 turns).

Shayle the Skirmisher (Coglin Alchemist)           Turns: 26846, Time: 02:22:25

Health: -4/113     AC: 16    Str: 12    XL:     15   Next: 54%
Magic:  5/25       EV: 18    Int: 21    God:    Beogh [******]
Gold:   310        SH:  0    Dex: 18    Spells: 9/27 levels left

rFire   . . .        U - +6 hand cannon (freeze) {Izel}
rCold   + . .        V - +2 hand cannon (freeze) {Daeho}
rNeg    . . .        x - +2 robe {rC+}
rPois   +            K - +1 helmet "Syapanac" {Str+3 Dex+3}
rElec   .            k - +2 cloak
rCorr   +            m - +2 pair of gloves
SInv    .            I - +2 pair of boots
Will    +....        (amulet unavailable)
Stlth   ++           (ring unavailable)
HPRegen 0.38/turn    (ring unavailable)
MPRegen 0.19/turn    T - experimental encabulator {AutoDazzle, rPois rCorr Slay+3}

%: no passive effects
@: revved
A: walk on water, off-hand wielding, slow wielding, warmup strikes, no jewellery
a: Renounce Religion, Smiting, Recall Apostles, Blood for Blood, Dismiss Morun,
warrior, Dismiss Wulfoc, priest, Dismiss Warrok, wizard


You were on level 2 of the Shoals.
You worshipped Beogh.
Beogh was exalted by your worship.
You visited 4 branches of the dungeon, and saw 21 of its levels.
You also visited: Gauntlet.

You collected 1162 gold pieces.
You spent 852 gold pieces at shops.

Inventory:

Hand Weapons
 v - the +1 war axe of Gyry {drain, Will+}
   (You found it on level 5 of the Lair of Beasts)

   Will+:     It increases your willpower.
 D - a +2 short sword of venom {Surjit}
 R - the +8 spear of the Mauling Gods {heavy, rC+ rN+ Int+3}
   (You found it on level 1 of the Lair of Beasts)

   Int+3:     It affects your intelligence (+3).
   rC+:       It protects you from cold.
   rN+:       It protects you from negative energy.
 U - a +6 hand cannon of freezing (weapon) {Izel}
 V - a +2 hand cannon of freezing (offhand) {Daeho}
Missiles
 B - 2 throwing nets
 E - 10 curare-tipped darts
 N - 6 silver javelins
Armour
 k - a +2 cloak (worn)
 m - a +2 pair of gloves (worn)
 x - a +2 robe of cold resistance (worn)
 H - +0 acid dragon scales
 I - a +2 pair of boots (worn)
 K - the +1 helmet "Syapanac" (worn) {Str+3 Dex+3}
   (You found it in a Gauntlet)

   Str+3:     It affects your strength (+3).
   Dex+3:     It affects your dexterity (+3).
Magical Staves
 Q - the staff of Pethotem {rN+ SInv Earth}
   (You found it in a Gauntlet)

   [staff of earth]

   Base accuracy: +5 Base damage: 5 Base attack delay: 1.2 This weapon's minimum
   attack delay (0.6) is reached at skill level 12.
   rN+:       It protects you from negative energy.
   SInv:      It lets you see invisible.
   Earth:     It increases the power of your Earth spells.
   It falls into the 'Staves' category.
   It is a one-graspered weapon.
Gizmo
 T - an experimental encabulator (installed) {AutoDazzle, rPois rCorr Slay+3}
   (You invented it yourself on level 4 of the Lair of Beasts)

   [experimental encabulator]

   AutoDazzle: It sometimes fires a blinding ray at enemies whose attacks you
   dodge.
   Slay+3:    It affects your accuracy & damage with ranged weapons and melee
   (+3).
   rPois:     It protects you from poison.
   rCorr:     It protects you from acid and corrosion.
Wands
 a - a wand of digging (5)
 l - a wand of polymorph (11)
 y - a wand of paralysis (10)
 C - a wand of warping (14)
 F - a wand of flame (10)
 O - a wand of mindburst (17)
 S - a wand of quicksilver (7)
Scrolls
 e - 3 scrolls of amnesia
 f - 3 scrolls of enchant armour
 g - a scroll of vulnerability
 o - a scroll of immolation
 t - 9 scrolls of teleportation
 w - 2 scrolls of identify
 J - a scroll of revelation
 L - a scroll of summoning
 M - a scroll of blinking
Potions
 d - 2 potions of ambrosia
 h - 2 potions of mutation
 i - 2 potions of cancellation {unknown}
 j - a potion of resistance {unknown}
 n - 3 potions of brilliance
 p - a potion of degeneration {unknown}
 q - 4 potions of lignification
 r - 4 potions of berserk rage
 s - 3 potions of curing {unknown}
 u - a potion of enlightenment {unknown}
 z - 4 potions of might {unknown}
 G - a potion of attraction {unknown}
Miscellaneous
 P - a box of beasts


   Skills:
 + Level 9.0 Fighting
 - Level 12.0 Ranged Weapons
 - Level 5.1 Armour
 - Level 11.1 Dodging
 - Level 1.5 Stealth
 + Level 6.7 Spellcasting
 - Level 4.1 Conjurations
 - Level 8.0 Necromancy
 - Level 4.4 Fire Magic
 - Level 10.1 Air Magic
 - Level 5.0 Earth Magic
 - Level 6.0 Alchemy


You had 9 spell levels left.
You knew the following spells:

 Your Spells              Type           Power      Damage    Failure   Level
a - Sting                 Conj/Alch      100%       1d9       1%          1
b - Mephitic Cloud        Conj/Alch/Air  35%        N/A       1%          3
c - Sticky Flame          Fire/Alch      29%        2d7       11%         4
d - Olgreb's Toxic Radia  Alch           32%        N/A       8%          4
e - Jinxbite              Hex            14%        N/A       14%         2
f - Airstrike             Air            24%        2d(4-20)  1%          4

Your spell library contained the following spells:

 Spells                   Type           Power      Damage    Failure   Level
 Necrotise                Necr           100%       1d9       1%          1
 Mercury Vapours          Alch/Air       80%        N/A       1%          2
 Static Discharge         Conj/Air       74%        3-7/arc   1%          2
 Swiftness                Air            49%        N/A       1%          3
 Vampiric Draining        Necr           40%        2d8       1%          3
 Passwall                 Erth           28%        N/A       3%          3
 Animate Dead             Necr           40%        N/A       3%          4
 Apportation              Tloc           14%        N/A       9%          1
 Summon Small Mammal      Summ           28%        N/A       9%          1
 Curse of Agony           Necr           40%        N/A       10%         5
 Inner Flame              Hex/Fire       16%        N/A       11%         3
 Volatile Blastmotes      Fire/Tloc      32%        2d12      11%         3
 Fulminant Prism          Conj/Alch      14%        3d8       11%         4
 Summon Lightning Spire   Summ/Air       28%        N/A       11%         4
 Vhi's Electric Charge    Tloc/Air       56%        N/A       11%         4
 Dazzling Flash           Conj/Hex       30%        N/A       12%         3
 Ensorcelled Hibernation  Hex/Ice        14%        N/A       14%         2
 Flame Wave               Conj/Fire      25%        2d8       16%         4
 Martyr's Knell           Necr/Summ      23%        N/A       17%         4
 Borgnjor's Vile Clutch   Necr/Erth      17%        N/A       17%         5
 Silence                  Hex/Air        14%        N/A       30%         5
 Iskenderun's Mystic Bla Conj/Tloc 15%            2d5        (+2d2     36%         4
 Summon Blazeheart Golem  Fire/Summ      16%        N/A       36%         4
 Death Channel            Necr           20%        N/A       45%         6
 Yara's Violent Unravell  Hex/Alch       9%         3d6       58%         5
 Bombard                  Conj/Erth      13%        9d3       91%         6
 Enfeeble                 Hex            3%         N/A       100%        7
 Orb of Destruction       Conj           12%        9d7       100%        7
 Spellforged Servitor     Conj/Summ      7%         N/A       100%        7


Dungeon Overview and Level Annotations

Branches:
Dungeon (13/15)            Temple (1/1) D:4            Lair (5/5) D:10
 Shoals (2/4) Lair:3        Snake (0/4) Lair:3        Slime (0/5) Lair:4
    Orc (0/2) D:10        Gauntlet (visited)
 Vaults: D:13-14

Altars:
Ashenzari
Cheibriados
Dithmenos
Elyvilon
Fedhas
Gozag
Hepliaklqana
Kikubaaqudgha
Nemelex Xobeh
Okawaru
Qazlal
Ru
Sif Muna
Trog
Uskayaw
Vehumet
Wu Jian
Xom
Yredelemnul
Zin
The Shining One
Beogh

Shops:
D:5 ==   D:7 (   D:10 *((

Annotations:
D:8 4 transporters
D:9 1 runed translucent door, Stellion's ghost, journeyman TeAE
D:12 exclusion: door


Innate Abilities, Weirdness & Mutations

You can walk on water.
Your facial features are unmistakably orcish.
You can wield a second weapon in your off-hand.
It takes a long time for you to wield or remove held weapons.
Your first few attacks do less damage.
You cannot equip rings or amulets.


Message History

Press: ? - help, Q - select action, (/) - cycle Shift-Dir - straight line, f/p - Jorge
Aim: Jorge the orc apostle, wielding a +4 great mace of protection and wearing a +3 chain mail (severely wounded, strong, lightly drained, empowered by the touch of Beogh, target of orcish vengeance, 74% to hit)
You shoot a slug. The slug hits Jorge but does no damage.
Jorge is severely wounded.
You shoot a slug. The slug hits Jorge but does no damage.
Jorge is severely wounded.
Jorge seems less drained.
Unknown command.
You feel much better.
Jorge hits you with a +4 great mace of protection!!
Fire: U) +6 hand cannon (freeze) {Izel}
Press: ? - help, Q - select action, (/) - cycle Shift-Dir - straight line, f/p - Jorge
Aim: Jorge the orc apostle, wielding a +4 great mace of protection and wearing a +3 chain mail (severely wounded, strong, empowered by the touch of Beogh, target of orcish vengeance, 74% to hit)
You shoot a slug. The slug hits Jorge.
The slug freezes Jorge.
Jorge is severely wounded.
You shoot a slug. The slug hits Jorge but does no damage.
Jorge is severely wounded.
Jorge hits you with a +4 great mace of protection!!
Unknown command.
You feel much better.
Jorge no longer looks unusually strong.
Jorge hits you with a +4 great mace of protection!
Fire: U) +6 hand cannon (freeze) {Izel}
Press: ? - help, Q - select action, (/) - cycle Shift-Dir - straight line, f/p - Jorge
Aim: Jorge the orc apostle, wielding a +4 great mace of protection and wearing a +3 chain mail (magical condensation, severely wounded, empowered by the touch of Beogh, target of orcish vengeance, 74% to hit)
You shoot a slug. The slug closely misses Jorge.
You shoot a slug. The slug hits Jorge.
The slug freezes Jorge.
Jorge is severely wounded.
Jorge hits you with a +4 great mace of protection!!
You shoot a slug. The slug hits Jorge!!
The slug freezes Jorge.
Jorge is almost dead.
You shoot a slug. The slug hits Jorge.
The slug freezes Jorge.
Jorge is almost dead.
Jorge hits you with a +4 great mace of protection!
* * * LOW HITPOINT WARNING * * *
The orc knight roars a battlecry!
Jorge goes into a battle-frenzy!
Jorge hits you with a +4 great mace of protection!!
You die...
Beogh appreciates Jorge's killing of a heretic priest.

#...~~~~~~~~~~
#...~~~~~~~~~≈≈
#...~~~~~~≈≈≈≈≈
#.~~~~~~~≈≈≈≈≈
≈≈≈≈~...###.~~~~~~~≈≈≈≈≈
≈≈≈≈≈....o.~~.~~~~~~≈≈≈≈
≈≈≈~~~.P..P.).~~~~~~≈≈≈≈
≈~~~~~.P.P.....○.☼~~~≈≈≈
~~~.~.....P##..°@§~~~~≈≈
~~~....PP..###..o°~~~~~≈
.....§.~~~P.......P~~~~≈
....§P§~~~~...P)))~~~~~≈
....P§~~~~..###P)~P~~≈≈≈
..####..PPP## #..~~~~~≈≈
.##


#PPPP## ##††)~~~≈≈ .# ##PPPP# ~~~~~~~≈≈ ## ##PPPP# o~~.~~~≈≈ You could see an
orc knight (target of vengeance) and Jorge the orc apostle (strong, divinely
empowered, target of vengeance).

Vanquished Creatures
  A minotaur (Gauntlet)
  An ettin (D:13)
  Josephine (D:10)
  3 catoblepae (Lair:5)
  3 hydras
  Erica (Lair:2)
  A merfolk avatar (Shoals:2)
  4 satyrs (Shoals:2)
  7 death yaks
  4 sea snakes
  Amaemon (Lair:1)
  2 skysharks
  Pikel (D:5)
  A faun (Shoals:2)
  18 elephants
  An ugly thing (D:12)
  A worldbinder (Gauntlet)
  6 manticores
  A water nymph (Shoals:1)
  A torpor snail (Lair:5)
  9 merfolk sirens
  2 slime creatures (D:12)
  10 cane toads
  4 black mambas
  Maggie (D:9)
  3 kobold demonologists
  10 komodo dragons
  A rime drake (Lair:2)
  An unseen horror zombie (D:7)
  Psyche (D:8)
  A troll (D:13)
  2 merfolk (Shoals:1)
  2 polar bears
  3 dream sheep (Lair:5)
  10 blink frogs (Lair:3)
  A snapping turtle (Shoals:1)
  2 shadows (D:11)
  44 yaks
  A spriggan (shapeshifter) (D:13)
  A small abomination (D:12)
  2 water elementals
  4 wraiths
  A ynoxinul (Gauntlet)
  4 wyverns
  Grum (D:9)
  A basilisk (Lair:3)
  3 nagas (Lair:3)
  7 water moccasins
  A two-headed ogre zombie (D:10)
  An acid dragon (D:13)
  A hydra simulacrum (Gauntlet)
  A hornet zombie (D:7)
  A swamp drake (Lair:1)
  A sky beast (D:5)
  4 orc warriors
  9 black bears
  8 centaurs
  An ogre (D:5)
  21 wolves
  4 lemures (D:5)
  A phantom (D:10)
  4 kobold brigands
  5 bullfrogs
  2 wyvern zombies (D:7)
  A gnoll sergeant (D:11)
  2 scorpions
  8 wights
  A troll zombie (D:10)
  5 killer bees (D:9)
  3 howler monkeys
  3 electric eels
  2 bullfrog zombies (D:7)
  7 jellies
  8 orc priests
  2 hounds (D:5)
  2 gnoll boudas
  An iron imp (Gauntlet)
  11 iguanas
  A sleepcap (D:4)
  6 orc wizards
  A killer bee zombie (D:7)
  An ogre zombie (D:10)
  A howler monkey zombie (D:7)
  3 adders
  13 gnolls
  A shadow imp (D:5)
  5 ribbon worms
  12 orcs
  9 endoplasms
  4 giant cockroaches
  A gnoll zombie (D:10)
  11 goblins
  5 hobgoblins
  3 quokkas
  6 ball pythons
  4 bats
  11 frilled lizards
  3 gnoll skeletons (D:10)
  19 kobolds
  An orc skeleton (D:10)
  4 orc zombies (D:10)
  14 rats
451 creatures vanquished.

Vanquished Creatures (collateral kills)
  A merfolk impaler (Shoals:2)
  Fannar (D:10)
  A hydra (Lair:5)
  A two-headed ogre (D:11)
  A death yak (Lair:5)
  2 demonic crawlers (D:12)
  Sonja (D:10)
  An ugly thing (D:12)
  7 fauns (Shoals:2)
  2 elephants (Lair:5)
  A gargoyle (D:11)
  An orange demon (Lair:1)
  A cane toad (Lair:1)
  A kobold demonologist (D:9)
  5 komodo dragons
  A rime drake (Lair:1)
  A troll (D:10)
  A merfolk (Shoals:2)
  A red devil (Lair:3)
  4 slime creatures (D:12)
  A centaur simulacrum (Gauntlet)
  5 wraiths
  A vampire (D:11)
  A neqoxec (D:12)
  11 yaks
  2 vampire mosquitoes (D:11)
  2 water moccasins
  A meliai simulacrum (Gauntlet)
  An orc warrior (Shoals:2)
  A boggart (Gauntlet)
  5 wolves
  2 bullfrogs (Lair:1)
  2 troll zombies (D:10)
  2 orc priests
  An iron imp (Gauntlet)
  5 iguanas (Lair:1)
  3 ogre zombies (D:10)
  4 gnolls (D:11)
  An orc (D:12)
  A gnoll zombie (D:10)
  7 frilled lizards (Lair:1)
  A gnoll skeleton (D:10)
  A kobold (D:11)
  3 orc skeletons (D:10)
  11 orc zombies (D:10)
110 creatures vanquished.

Vanquished Creatures (others)
  12 orc apostles
  2 red devils (Lair:3)
  An orc wizard (D:8)
  2 orcs
  53 foxfires
70 creatures vanquished.

Grand Total: 631 creatures vanquished

Notes
Turn   | Place    | Note
-------+----------+-------------------------------------------
     0 | D:1      | Shayle the Coglin Alchemist began the quest for the Orb.
     0 | D:1      | Reached XP level 1. HP: 13/13 MP: 3/3
   299 | D:1      | Reached XP level 2. HP: 19/19 MP: 3/5
   788 | D:1      | Found a faded altar of an unknown god.
  1187 | D:2      | Reached XP level 3. HP: 24/24 MP: 6/6
  1952 | D:2      | Learned a level 3 spell: Mephitic Cloud
  2508 | D:3      | Found a shimmering altar of Xom.
  2511 | D:3      | Reached XP level 4. HP: 30/30 MP: 4/7
  3474 | D:4      | Noticed a black bear
  3487 | D:3      | Killed a black bear
  3488 | D:3      | Reached XP level 5. HP: 26/35 MP: 0/9
  3731 | D:3      | Learned a level 4 spell: Sticky Flame
  3799 | D:4      | Found a staircase to the Ecumenical Temple.
  3823 | Temple   | Entered the Ecumenical Temple
  4033 | D:4      | Found a broken altar of Ashenzari.
  4127 | D:4      | Found a hide-covered altar of Uskayaw.
  4145 | D:4      | Reached skill level 5 in Alchemy
  4145 | D:4      | Reached XP level 6. HP: 38/41 MP: 10/10
  4318 | D:5      | Entered Level 5 of the Dungeon
  4480 | D:4      | Became a worshipper of Beogh the Shepherd
  4759 | D:5      | Noticed a sky beast
  4794 | D:5      | Killed a sky beast
  4795 | D:5      | Reached XP level 7. HP: 43/46 MP: 1/12
  5223 | D:5      | Noticed Pikel
  5266 | D:5      | Killed Pikel
  5267 | D:5      | Reached skill level 5 in Dodging
  5267 | D:5      | Reached XP level 8. HP: 36/52 MP: 2/14
  5563 | D:5      | Found Sorautuo's Jewellery Emporium.
  5913 | D:5      | Found Dyidd's Jewellery Boutique.
  6193 | D:6      | Reached * piety under Beogh
  6436 | D:6      | Reached XP level 9. HP: 57/57 MP: 8/15
  6918 | D:7      | Found Paohep Wevo's Hydra Hut.
  6919 | D:7      | Noticed a seven-headed hydra
  7136 | D:7      | Reached skill level 1 in Ranged Weapons
  7759 | D:7      | Reached skill level 2 in Ranged Weapons
  7759 | D:7      | Reached skill level 5 in Air Magic
  8040 | D:7      | Reached skill level 3 in Ranged Weapons
  8116 | D:7      | Found a basalt altar of Yredelemnul.
  8126 | D:7      | Reached ** piety under Beogh
  8275 | D:8      | Noticed Psyche
  8290 | D:8      | Paralysed by something for 1 turns
  8322 | D:8      | Found a transporter.
  8389 | D:8      | Reached XP level 10. HP: 63/63 MP: 4/16
  8557 | D:8      | Found an ornate altar of the Wu Jian Council.
  8655 | D:8      | Found a bloodstained altar of Trog.
  8673 | D:8      | Found a transporter.
  8728 | D:8      | Reached skill level 4 in Ranged Weapons
  9121 | D:8      | Found a transporter.
  9138 | D:8      | Found a transporter.
  9227 | D:8      | Killed Psyche
  9468 | D:9      | Found an ancient bone altar of Kikubaaqudgha.
  9653 | D:9      | Found a runed translucent door.
  9656 | D:9      | Noticed Stellion's ghost (journeyman TeAE)
  9750 | D:9      | Noticed Maggie
  9760 | D:9      | Killed Maggie
  9877 | D:9      | Reached skill level 5 in Ranged Weapons
 10231 | D:9      | Reached *** piety under Beogh
 10232 | D:9      | Reached XP level 11. HP: 25/68 MP: 3/17
 10296 | D:9      | Noticed Morun
 10340 | D:9      | Learned a level 4 spell: Olgreb's Toxic Radiance
 10343 | D:9      | Learned a level 2 spell: Jinxbite
 10368 | D:9      | Anointed Morun the warrior as your apostle
 10443 | D:9      | Reached skill level 6 in Ranged Weapons
 10486 | D:9      | Noticed Grum
 10498 | D:9      | Killed Grum
 10734 | D:10     | Entered Level 10 of the Dungeon
 10734 | D:10     | Noticed Fannar
 10749 | D:10     | Killed Fannar
 10943 | D:10     | Found Vulocoomio's Weapon Shop.
 10951 | D:10     | Found Gozat's Antique Weapon Boutique.
 10977 | D:10     | Noticed Sonja
 10980 | D:10     | HP: 2/68 [Sonja/+2 dagger of distortion (17)]
 10982 | D:10     | Killed Sonja
 11278 | D:10     | Found Vustept's Assorted Antiques.
 11281 | D:10     | Bought a puce potion for 27 gold pieces
 11281 | D:10     | Bought a grey potion for 27 gold pieces
 11281 | D:10     | Bought a pink potion for 27 gold pieces
 11281 | D:10     | Bought a clear potion for 27 gold pieces
 11347 | D:10     | Noticed Josephine
 11358 | D:10     | Killed Josephine
 11365 | D:10     | Reached skill level 7 in Ranged Weapons
 11485 | D:10     | Found a staircase to the Lair.
 11577 | D:10     | Noticed Wulfoc
 11590 | D:10     | Anointed Wulfoc the priest as your apostle
 11679 | Lair:1   | Entered Level 1 of the Lair of Beasts
 11692 | Lair:1   | Reached skill level 10 in Dodging
 11778 | Lair:1   | Found a gate leading to a gauntlet.
 11791 | Gauntlet | Entered a Gauntlet
 11791 | Gauntlet | Noticed a worldbinder
 11791 | Gauntlet | Found a transporter.
 11791 | Gauntlet | Found a transporter.
 11791 | Gauntlet | Found a transporter.
 11792 | Gauntlet | Found a transporter.
 11792 | Gauntlet | Noticed a moth of wrath
 11795 | Gauntlet | Found a transporter.
 11795 | Gauntlet | Found a transporter.
 11800 | Gauntlet | Noticed a large abomination
 11801 | Gauntlet | Noticed a large abomination
 11805 | Gauntlet | Found a transporter.
 11809 | Gauntlet | Found a transporter.
 11816 | Gauntlet | Noticed a fire crab
 11821 | Gauntlet | Found a transporter.
 11844 | Gauntlet | Found a transporter.
 11861 | Gauntlet | Found a transporter.
 11865 | Gauntlet | Found a transporter.
 11922 | Gauntlet | Noticed a skeletal warrior
 11922 | Gauntlet | Noticed a necromancer
 11923 | Gauntlet | Noticed a sixfirhy
 11927 | Gauntlet | Killed a worldbinder
 11935 | Gauntlet | Reached XP level 12. HP: 55/74 MP: 2/18
 12059 | Gauntlet | Reached **** piety under Beogh
 12098 | Gauntlet | Identified the ring of the Middle {Wiz MP+9 Dex+5}
 12103 | Gauntlet | Your ally Wulfoc died
 12105 | Gauntlet | Reached skill level 8 in Ranged Weapons
 12122 | Gauntlet | Identified the +1 helmet "Syapanac" {Str+3 Dex+3}
 12210 | Gauntlet | Identified the +7 arbalest "Qeokaxot" {penet, Will+ Dex+2}
 12210 | Gauntlet | Noticed a minotaur
 12248 | Gauntlet | Killed a minotaur
 12252 | Gauntlet | Identified the staff of Pethotem {rN+ SInv Earth}
 12616 | Lair:1   | Noticed Amaemon
 12630 | Lair:1   | Killed Amaemon
 13130 | Lair:1   | Reached skill level 10 in Air Magic
 13144 | Lair:1   | Reached skill level 9 in Ranged Weapons
 13155 | Lair:1   | Reached ***** piety under Beogh
 13269 | Lair:1   | Identified the +8 spear of the Mauling Gods {heavy, rC+ rN+
                  | Int+3}
 13448 | D:10     | Found a staircase to the Orcish Mines.
 13462 | D:10     | Noticed Warrok
 13471 | D:10     | Anointed Warrok the wizard as your apostle
 13976 | D:10     | Learned a level 4 spell: Airstrike
 14026 | D:10     | Found a sparkling altar of Nemelex Xobeh.
 14327 | D:11     | Reached skill level 1 in Conjurations
 14492 | D:11     | Found a roughly hewn altar of Beogh.
 14531 | D:11     | Reached skill level 1 in Armour
 14582 | D:11     | Noticed a two-headed ogre
 14588 | D:11     | Killed a two-headed ogre
 14589 | D:11     | Reached skill level 1 in Earth Magic
 14904 | D:11     | Your ally Warrok died
 15503 | D:12     | Reached XP level 13. HP: 79/79 MP: 14/19
 15825 | D:12     | Found a white marble altar of Elyvilon.
 15941 | D:12     | Found a runed translucent door.
 16722 | D:12     | Your ally Morun died
 16865 | D:12     | Your ally Warrok died
 17068 | D:12     | Noticed a white very ugly thing
 17366 | D:13     | Noticed an ettin
 17375 | D:13     | Killed an ettin
 17376 | D:13     | Reached skill level 10 in Ranged Weapons
 17388 | D:13     | Your ally Wulfoc died
 18053 | Lair:2   | Noticed Erica
 18151 | Lair:2   | Reached skill level 1 in Necromancy
 18964 | Lair:2   | Killed Erica
 18965 | Lair:2   | Reached skill level 5 in Armour
 19160 | Lair:2   | Reached skill level 5 in Earth Magic
 19684 | Lair:2   | Reached skill level 1 in Fighting
 20242 | Lair:3   | Identified the +2 robe of the Pink Corner {rF++ rN+ Will+
                  | Int-4}
 20242 | Lair:3   | Noticed Nordag
 20251 | Lair:3   | Was placed under penance by Beogh
 20251 | Lair:3   | Killed Nordag the orc apostle
 20251 | Lair:3   | Fled from a divine trial
 21623 | Lair:3   | Found a staircase to the Shoals.
 21732 | Lair:3   | Found a staircase to the Snake Pit.
 22207 | Lair:4   | Was forgiven by Beogh
 22208 | Lair:4   | Reached skill level 5 in Necromancy
 22208 | Lair:4   | Reached XP level 14. HP: 84/94 MP: 12/20
 22210 | Lair:4   | Acquired an experimental encabulator {AutoDazzle, rPois
                  | rCorr Slay+3}
 22986 | D:7      | Bought a +4 hand cannon of freezing for 452 gold pieces
 22986 | D:7      | Bought a +2 hand cannon of freezing for 292 gold pieces
 23359 | Lair:4   | Reached skill level 5 in Fighting
 23361 | Lair:4   | Found a staircase to the Slime Pits.
 23564 | Lair:5   | Entered Level 5 of the Lair of Beasts
 23756 | Lair:5   | Reached ****** piety under Beogh
 24120 | Lair:5   | Your ally Warrok died
 24403 | Lair:5   | Your ally Morun died
 24417 | Lair:5   | Your ally Wulfoc died
 24420 | Lair:5   | Reached skill level 11 in Ranged Weapons
 24548 | Lair:5   | Reached skill level 5 in Spellcasting
 24669 | Lair:5   | Identified the +1 war axe of Gyry {drain, Will+}
 24799 | Lair:5   | Reached XP level 15. HP: 108/108 MP: 16/22
 25286 | Lair:5   | Got the Cyclopedia of Jinxing
 25420 | Shoals:1 | Entered Level 1 of the Shoals
 25694 | Shoals:1 | Identified the +4 ring mail "Astrail" {Rampage rC+ Int+2}
 26811 | Shoals:2 | Reached skill level 12 in Ranged Weapons
 26821 | Shoals:2 | Your ally Morun died
 26824 | Shoals:2 | Your ally Warrok died
 26828 | Shoals:2 | Your ally Wulfoc died
 26846 | Shoals:2 | Slain by Jorge the orc apostle

Illustrated notes

Levels and vault maps discovered:
D:1:      amcnicky_arrival_blooded_trapdoor, layout_loops_cross,
          shapermc_ecumenical_altar_notcrosses, minmay_crystal_room,
          chequers_serial_rivers_micro_b, chequers_mini_garden,
          nrook_loot_triangle, chequers_serial_rivers_small_3,
          minmay_misc_feat_iff, serial_park_tiny_pond
D:2:      layout_loops_corners, grunt_decor_cap, kennysheep_generic_room_5
D:3:      minmay_octagon_keep, layout_basic, overflow_temple_1_default,
          dk_noncrumbling_2
D:4:      layout_rooms, eat_drink_and_be_merry_uskayaw,
          nicolae_ashenzari_skybound, minmay_temple_entry_overgrown
D:5:      layout_loops_corners, serial_shops, shop, nicolae_lakefront_shop,
          uniq_pikel
D:6:      layout_basic, lemuel_doored_altar, kennysheep_windowed_goal
D:7:      layout_rooms, nicolae_yredelemnul_corpse_copse, doesnt_shop_hydraphobe
D:8:      layout_gridville, general_overflow_altar,
          mainiacjoe_overflow_surrounded_room, grunt_decor_fettered,
          amethyst_killhole, nicolae_transporter_intersection, uniq_psyche
D:9:      layout_roguey, kiku_gazebo_pond_becter, ebering_ghost_inner_flame,
          uniq_maggie, uniq_grum
D:10:     layout_basic, mainiacjoe_overflow_tiny_flanked, lair_entry_dummy,
          zombieorc2_lemuel, serial_shops, nicolae_stop_n_shop_2, shop,
          kennysheep_mini, serial_bayou_pond_c, minmay_misc_feat_rugged,
          uniq_fannar, uniq_sonja, uniq_josephine
D:11:     layout_roguey, david_defended_altar_orc
D:12:     cheibrodos_body_horror, layout_stronghold,
          nicolae_elyvilon_temple_path
D:13:     evilmike_negative_zone, layout_long_grid, david_vaults_4
Temple:   cyrus_circular_temple
Lair:1:   lemuel_reptile_caves, layout_small_grid, gauntlet_entry_generic,
          uniq_amaemon
Lair:2:   layout_long_grid, wad_woods_river_01, serial_bayou_shore_b,
          infiniplex_staircase_pool, lemuel_fruit_fields, serial_bayou_shore_b,
          uniq_erica
Lair:3:   layout_cellular_growth, elwin_shoals_entry_rooms,
          nicolae_snake_entry_squirm
Lair:4:   layout_long_grid, nicolae_slime_entry_slimehenge,
          infiniplex_staircase_pool_2
Lair:5:   evilmike_catoblepas_cave, layout_long_grid,
          chequers_serial_rivers_micro_d, serial_bayou_shore_a
Shoals:1: layout_shoals
Shoals:2: layout_shoals, nicolae_shoals_songs

Skill      XL: |  1  2  3  4  5  6  7  8  9 10 11 12 13 14 15 |
---------------+----------------------------------------------+-----
Dodging        | 2 3 4 5 6 7 8 10 11 | 11.1
Spellcasting   | 2 3 4 5 6 |  6.7
Alchemy        | 4 5 6 |  6.0
Fire Magic     | 2 3 4 |  4.4
Air Magic      | 2 3 5 7 9 10 | 10.1
Ranged Weapons | 3 5 7 9 10 11 12 | 12.0
Conjurations   | 2 4 |  4.1
Armour         | 2 5 |  5.1
Earth Magic    | 2 5 |  5.0
Necromancy     | 5 8 |  8.0
Fighting       | 3 7 9 |  9.0
Stealth        | |  1.5

Action                     |  1- 3 |  4- 6 |  7- 9 | 10-12 | 13-15 || total
---------------------------+-------+-------+-------+-------+-------++-------
  Melee: Unarmed           |     1 |       |       |       |       ||     1
         Whip              |    48 |    85 |    98 |       |       ||   231
         Long sword        |    47 |    82 |   112 |   232 |    38 ||   511
         Short sword       |       |       |    16 |   215 |    36 ||   267
         Spear             |       |       |       |       |   111 ||   111
         Staff             |       |       |       |       |    96 ||    96
   Fire: Hand cannon       |       |       |       |       |   518 ||   518
  Throw: Boomerang         |     7 |     4 |     7 |       |       ||    18
         Dart              |       |       |       |     4 |       ||     4
         Throwing net      |       |       |       |     1 |       ||     1
   Cast: Sting             |    37 |    41 |    59 |    20 |     4 ||   161
         Mephitic Cloud    |       |     5 |    26 |    39 |    48 ||   118
         Sticky Flame      |       |       |    20 |    54 |    38 ||   112
         Jinxbite          |       |       |       |     1 |     1 ||     2
         Airstrike         |       |       |       |    13 |    91 ||   104
         Olgreb's Toxic Ra |       |       |       |       |     7 ||     7
 Invoke: Convert to Beogh  |       |     1 |       |       |       ||     1
         Recruit Apostle   |       |       |       |     3 |       ||     3
         Recall Apostles   |       |       |       |     2 |     2 ||     4
Ability: Invent Gizmo      |       |       |       |       |     1 ||     1
  Evoke: Wand              |       |       |     2 |    13 |    12 ||    27
    Use: Scroll            |     2 |     2 |    10 |     5 |    17 ||    36
         Potion            |       |     1 |     1 |     1 |     5 ||     8
   Stab: Sleeping          |     4 |       |       |       |     1 ||     5
         Confused          |       |     4 |    14 |    17 |    24 ||    59
         Paralysed         |       |       |    20 |       |       ||    20
         Petrified         |       |       |       |     2 |       ||     2
         Distracted        |       |       |       |     1 |       ||     1
         Invisible         |       |       |       |       |     1 ||     1
 Armour: Robe              |    21 |    77 |    67 |   152 |   217 ||   534
         Animal skin       |       |       |       |     6 |       ||     6
  Dodge: Dodged            |    32 |    57 |    90 |   264 |   275 ||   718

Table legend: (Time is in decaauts)
 A = Elapsed time spent in this place.
 B = Non-inter-level travel time spent in this place.
 C = Inter-level travel time spent in this place.
 D = Time resting spent in this place.
 E = Time spent auto-exploring this place.
 F = Levels seen in this place.
 G = Mean time per level.
                   A        B        C        D        E       F      G
               +--------+--------+--------+--------+--------+-----+--------+
         Total |  27237 |  25875 |   1362 |   7725 |  12500 |  22 | 1238.0 |
       Dungeon |  16426 |  15770 |    656 |   4184 |   8281 |  13 | 1263.5 |
        Temple |      1 |      1 |      0 |      0 |      0 |   1 |    1.0 |
          Lair |   8862 |   8224 |    638 |   3035 |   3475 |   5 | 1772.4 |
        Shoals |   1457 |   1390 |     67 |    358 |    743 |   2 |  728.5 |
      Gauntlet |    489 |    489 |      0 |    147 |      0 |   1 |  489.0 |
               +--------+--------+--------+--------+--------+-----+--------+

Top non-repeatable levels by time:
  Lair:1: 2101 daAuts
  Lair:2: 2032 daAuts
    D:12: 1970 daAuts
     D:7: 1900 daAuts
  Lair:5: 1834 daAuts
    D:10: 1801 daAuts
  Lair:3: 1646 daAuts
     D:3: 1633 daAuts
     D:9: 1534 daAuts
     D:5: 1445 daAuts
  Lair:4: 1248 daAuts
Shoals:1: 1195 daAuts
    D:11: 1160 daAuts
     D:1: 1145 daAuts
     D:8: 1083 daAuts
